 Dungeon Crawl Stone Soup version 0.23-a0-650-ga4d50d4 (console) character file.

10 Duffy the Firebug (level 2, -1/19 HPs)
             Began as a Demonspawn Fire Elementalist on Jan 6, 2019.
             Slain by a jackal (2 damage)
             ... on level 1 of the Dungeon.
             The game lasted 00:00:27 (691 turns).

Duffy the Firebug (Demonspawn Fire Elementalist)     Turns: 691, Time: 00:00:28

Health: -1/19      AC:  3    Str:  8    XL:     2   Next: 10%
Magic:  0/5        EV: 12    Int: 16    God:
Gold:   42         SH:  0    Dex: 13    Spells: 4/5 levels left

rFire    . . .     SeeInvis .   (no weapon)
rCold    . . .     Gourm    .   (no shield)
rNeg     . . .     Faith    .   a - +0 robe
rPois    .         Spirit   .   (no helmet)
rElec    .         Reflect  .   (no cloak)
rCorr    .         Harm     .   (no gloves)
MR       .....                  (no boots)
Stlth    ++........             (no amulet)
HPRegen  0.06/turn              (no ring)
MPRegen  0.09/turn              (no ring)

@: no status effects
A: rugged brown scales 1
a: no special abilities


You were on level 1 of the Dungeon.
You were not hungry.

You visited 1 branch of the dungeon, and saw 1 of its levels.

You collected 42 gold pieces.

Inventory:

Missiles
 f - 2 throwing nets (quivered)
Armour
 a - a +0 robe (worn)
Scrolls
 e - a scroll of amnesia {unknown}
 i - a scroll of random uselessness {unknown}
Potions
 b - a potion of curing {unknown}
 g - a potion of mutation {unknown}
 h - a potion of degeneration {unknown}
Comestibles
 c - 2 rations
 d - a chunk of flesh


   Skills:
 - Level 1.7 Dodging
 - Level 1.7 Stealth
 + Level 2.2 Spellcasting
 + Level 1.4 Conjurations
 + Level 2.9 Fire Magic


You had 4 spell levels left.
You knew the following spells:

 Your Spells              Type           Power        Failure   Level  Hunger
h - Flame Tongue          Conj/Fire      #....        9%          1    #......

Your spell library contained the following spells:

 Spells                   Type           Power        Failure   Level  Hunger
 Throw Flame              Conj/Fire      #.....       12%         2    ###....
 Conjure Flame            Conj/Fire      #.......     24%         3    ###....
 Inner Flame              Hex/Fire       #.......     32%         3    ###....
 Sticky Flame             Conj/Fire      #.......     63%         4    #####..
 Fireball                 Conj/Fire      #.........   92%         5    ######.


Dungeon Overview and Level Annotations

Branches:
Dungeon (1/15)

Altars:


Innate Abilities, Weirdness & Mutations

You are partially covered in rugged brown scales. (AC +1, +3% HP)


Message History

The hobgoblin hits you but does no damage.
You hit the hobgoblin but do no damage. The hobgoblin barely misses you.
You closely miss the hobgoblin. The hobgoblin hits you with a +0 club.
You barely miss the hobgoblin. You hit the hobgoblin.
The hobgoblin is moderately wounded.
The hobgoblin barely misses you.
The rat twitches its whiskers.
Casting: Flame Tongue (safe; 9% risk of failure)
Confirm with . or Enter, or press ? or * to list all spells.
Aiming: Flame Tongue (safe; 9% risk of failure)
Press: ? - help, Shift-Dir - straight line, f - hobgoblin
Aim: a hobgoblin, wielding a +0 club (moderately wounded)
The flame tongue hits the hobgoblin.
You kill the hobgoblin!
Casting: Flame Tongue (safe; 9% risk of failure)
Confirm with . or Enter, or press ? or * to list all spells.
You don't have enough magic to cast that spell.
The jackal bites you.
You die...

....#(..#.#.##.# #.#
...>#...#...##.# #.#
###.#...#.####.####.#
..#...#........##.#
......#......#.##.#
.....#.######.##.#
......#........##.#
###########.#
.....$)rh@..#
############# ## .#
.# .# .# .# ##


You could see a jackal and a rat.

Vanquished Creatures
  A dart slug (D:1)
  A goblin (D:1)
  A hobgoblin (D:1)
  2 jackals (D:1)
  3 rats (D:1)
8 creatures vanquished.

Notes
Turn   | Place    | Note
-------+----------+-------------------------------------------
     0 | D:1      | Duffy the Demonspawn Fire Elementalist began the quest for
                  | the Orb.
     0 | D:1      | Reached XP level 1. HP: 13/13 MP: 3/3
   677 | D:1      | Gained mutation: You are partially covered in rugged brown
                  | scales. (AC +1, +3% HP) [demonic ancestry]
   677 | D:1      | Reached XP level 2. HP: 13/19 MP: 0/5
   691 | D:1      | Slain by a jackal

Vault maps used:
D:1:      matt_arrival_spirals

Action                   || total
-------------------------++-------
Melee: Unarmed           ||    13
 Cast: Flame Tongue      ||    15
Armor: Robe              ||     2
Dodge: Dodged            ||     8

Table legend:
 A = Non-vault XP
 B = Vault XP
 C = Vault XP percentage of total XP
 D = Non-vault monster count
 E = Vault monster count
 F = Vault count percentage of total count
                 A         B        C        D         E       F
            +---------+---------+-------+---------+---------+-------
      Total |      15 |       0 |   0.0 |       8 |       0 |   0.0
            +---------+---------+-------+---------+---------+-------
        D:1 |      15 |       0 |   0.0 |       8 |       0 |   0.0
            +---------+---------+-------+---------+---------+-------
